 Dungeon Crawl Stone Soup version 0.29.1-12-g30fa7ad0bf (webtiles) character file.

Game seed: 8939199326296084214

38 Dvallin the Cutter (level 3, 0/23 HPs)
             Began as a Kobold Fighter on Jan 10, 2023.
             Slain by an adder (2 damage)
             ... on level 2 of the Dungeon.
             The game lasted 00:01:55 (2031 turns).

Dvallin the Cutter (Kobold Fighter)                 Turns: 2031, Time: 00:01:56

Health: 0/23       AC:  6    Str: 13    XL:     3   Next: 65%
Magic:  3/3        EV: 11    Int:  9    God:
Gold:   190        SH:  5    Dex: 16    Spells: 2/2 levels left

rFire   + . .      SeeInvis .   a - +0 rapier
rCold   . . .      Faith    +   c - +0 buckler
rNeg    . . .      Spirit   .   l - +0 ring mail
rPois   .          Reflect  .   (no helmet)
rElec   .          Harm     .   (no cloak)
rCorr   .          Rampage  .   n - +0 pair of gloves
Will    +....                   (no boots)
Stlth   ++........              i - amulet of faith
HPRegen 0.07/turn               b - ring of protection from fire
MPRegen 0.08/turn               o - ring of willpower

@: mighty, lethally poisoned (0 -> -9)
A: small, no large weapons, nightstalker 3
a: no special abilities


You were on level 2 of the Dungeon.
You visited 1 branch of the dungeon, and saw 2 of its levels.

You collected 190 gold pieces.

Inventory:

Hand Weapons
 a - a +0 rapier (weapon)
Missiles
 q - 3 datura-tipped darts (quivered)
Armour
 c - a +0 buckler (worn)
 l - a +0 ring mail (worn)
 n - a +0 pair of gloves (worn)
Jewellery
 b - a ring of protection from fire (left hand)
 i - an amulet of faith (around neck)
 o - a ring of willpower (right hand)
Scrolls
 e - 2 scrolls of teleportation {unknown}
 g - a scroll of summoning {unknown}
 h - 2 scrolls of poison {unknown}
 j - a scroll of brand weapon {unknown}
Potions
 f - 5 potions of heal wounds {unknown}
 k - a potion of attraction {unknown}
 m - a potion of flight {unknown}
 p - 2 potions of curing {unknown}


   Skills:
 - Level 3.2 Fighting
 + Level 5.0 Short Blades
 - Level 2.4 Armour
 - Level 2.4 Shields


You had 2 spell levels left.
You didn't know any spells.
Your spell library was empty.

Dungeon Overview and Level Annotations

Branches:
Dungeon (2/15)

Altars:

Annotations:
D:2 1 runed translucent door, Crazy Yiuf, Sigmund


Innate Abilities, Weirdness & Mutations

You are small and have problems with some larger weapons.
You are completely attuned to the shadows.


Message History

You hit Sigmund but do no damage.
Sigmund is lightly wounded.
An adder comes into view.
Sigmund hits you with a +6 scythe of venom.
You barely miss Sigmund.
Sigmund is lightly wounded.
You block Sigmund's attack.
You barely miss Sigmund.
Sigmund is lightly wounded.
Sigmund barely misses you.
You closely miss Sigmund.
Sigmund is lightly wounded.
The adder misses you. You block the adder's attack.
You hit Sigmund but do no damage.
Sigmund is lightly wounded.
A quokka comes into view.
Sigmund barely misses you. The adder bites you but does no damage.
You hit Sigmund.
Sigmund is moderately wounded.
The adder bites you but does no damage.
Sigmund hits you with a +6 scythe of venom.
You are lethally poisoned!
You are too injured to fight recklessly!
There is a lethal amount of poison in your body!
Unknown command.
You feel very mighty all of a sudden.
* * * LOW HITPOINT WARNING * * *
You feel very sick. The adder misses you.
A rat comes into view.
You barely miss Sigmund.
Sigmund is moderately wounded.
* * * LOW HITPOINT WARNING * * *
You feel very sick. You block the adder's attack. You block Sigmund's attack.
The adder closely misses you.
You miss the adder.
* * * LOW HITPOINT WARNING * * *
You feel sick. The adder bites you.
You die...

##.# #....#
#### #.#
###### #.# #.#
#.g) #.# #...
#..## ... #..#
#+#
#####.######
♣♣.♣
.....!...@Sr#
♣.♣♣
.......#.†@...
♣♣.♣
.......#......
♣.♣♣
.......#....r.
♣♣.♣♣
.......#.....)
#.# ♣..P♣
.......#...
#.# ♣.PP.
.......... #.#
#....
........#
#.####..#
........#
#####........


You could see Sigmund, an adder, a quokka and a rat (wandering).

Vanquished Creatures
  An adder (D:2)
  A dart slug (D:2)
  An orc (D:2)
  2 bats
  3 endoplasms (D:1)
  A goblin (D:2)
  3 hobgoblins
  A quokka (D:1)
  A ball python (D:1)
  3 frilled lizards (D:1)
  5 kobolds
  2 rats
24 creatures vanquished.

Vanquished Creatures (others)
  4 toadstools (D:1)
4 creatures vanquished.

Grand Total: 28 creatures vanquished

Notes
Turn   | Place    | Note
-------+----------+-------------------------------------------
     0 | D:1      | Dvallin the Kobold Fighter began the quest for the Orb.
     0 | D:1      | Reached XP level 1. HP: 14/14 MP: 1/1
    39 | D:1      | Reached skill level 3 in Short Blades
   498 | D:1      | Reached XP level 2. HP: 16/19 MP: 2/2
   893 | D:1      | Reached skill level 4 in Short Blades
  1585 | D:2      | Reached XP level 3. HP: 23/23 MP: 3/3
  1952 | D:2      | Found a runed translucent door.
  1955 | D:2      | Noticed Crazy Yiuf
  1973 | D:2      | Reached skill level 5 in Short Blades
  2016 | D:2      | Noticed Sigmund
  2031 | D:2      | Slain by an adder

Illustrated notes

Levels and vault maps discovered:
D:1:      dpeg_arrival_central, layout_basic, minmay_gold_behind_fungi,
          minmay_misc_feat_chi, chequers_arboretum
D:2:      layout_basic, minmay_curled_crystal, uniq_jessica,
          uniq_crazy_yiuf_cottage, uniq_sigmund

Skill      XL: |  1  2  3 |
---------------+----------+-----
Short Blades   | 3 4 5 |  5.0
Fighting       | |  3.2
Armour         | |  2.4
Shields        | |  2.4

Action                   || total
-------------------------++-------
Melee: Rapier            ||    96
  Use: Potion            ||     1
 Stab: Sleeping          ||     6
Armor: Scale mail        ||    18
       Ring mail         ||    11
Dodge: Dodged            ||    34
Block: Buckler           ||    26
